Unix NetHack Version 5.0.0-0 post-release - last build May 10 2026 23:12:36 (d1fa5d53e341ca933230fdaa984d921c805b60aa,branch:main).

Game began 2026-05-14 17:47:51, ended 2026-05-14 22:02:36.

BaeHund, lawful female human Samurai

                                                                         --
                        --                                       ----- --.|
                       --.----                                   |...---..|
                       |.....-----                  ----         |........|
 ------    ---          -.....|..|                  |..--     ----.--.....|
 |..|.--   |.--          -.......|              --- --..| ----|....||..|..--
 |.....-----..-------    |...0..---------      --.---|..|--..--..-----.--..---
   -............--..|    |......(.......--------....||.--|.......|   |..|....|
   |...---..........------.....-.....--...........*.--.| --....---   --......|
   |..----..>.*.........[........--..|---------..h.....---|.-.--      -##-..--
   ---- |........^...----..^....------        |....(.^.^.|-...|------- ##...|
        --..--......0.-|..........--          |.....-....|[...|.|.--.| ##...--
         ------..|.....|-..........--         -....@a-...............--|.....|
              -----.|.---...........|        |....--.d....<...........|#.....--
                  -----|...........--        |....|---...........---.#-##.....|
                       |..........--         |....| |.........---- #-#*##....--
                       --.....--.--          ------ |..---...--     **####..--
                        --....| --                  ---- |...|      *#*#*#---
                         |....|                          |..--     # ####
                         ---.--                          ----       0###
                           ---
BaeHund the Kunoichi   St:17 Dx:14 Co:18 In:12 Wi:8 Ch:6  Lawful
Dlvl:8  $:568 HP:0(83) Pw:33(33) AC:-1 Xp:8 T:3416 

Latest messages:
 You hit the scorpion!  The scorpion hits!  The scorpion just misses!  The scorpion misses!  Hachi misses the scorpion.
 You kill the scorpion!
 The panther misses!  The panther misses!  The panther bites!
 Hachi bites the panther.  The panther misses Hachi.  The panther misses Hachi.  The panther bites Hachi.
 You see here a tin opener.  Hachi misses the panther.
 Hachi bites the panther.  The panther misses Hachi.  The panther misses Hachi.  The panther bites Hachi.  Hachi bites the panther.
 You hit the panther!  Hachi bites the panther.  The panther is killed!  Hachi grows up into a large dog.
 You see here a panther corpse.
 There is a panther corpse here; eat it? [ynq] (n) y
 This panther corpse is tough.  You finish eating the panther corpse.
 You see here a tin opener.
 You kill the gnome!
 You see here 19 rocks.
 You climb up the stairs.
 Hachi picks up an elven leather helm.
 Restoring save file...
 Konnichi wa BaeHund, the human Samurai, welcome back to NetHack!
 You see here a mummy wrapping.
 Hachi drops an elven leather helm.
 Hachi picks up an elven leather helm.
 You descend the stairs.
 You hear some noises in the distance.
 The soldier ant misses!
 The soldier ant stings!
 You feel more confident in your weapon skills.
 You hit the soldier ant.
 The soldier ant misses!
 The soldier ant stings!
 The soldier ant just misses!
 The soldier ant stings!
 You miss the soldier ant.
 The soldier ant bites!
 The soldier ant stings!
 The soldier ant's sting was poisoned!
 You hit the soldier ant.
 You hit the soldier ant!
 The soldier ant bites!
 The soldier ant stings!
 The soldier ant bites!
 The soldier ant stings!
 You hit the soldier ant.
 Hachi misses the soldier ant.
 The soldier ant bites!
 The soldier ant stings!
 The soldier ant's sting was poisoned!
 You hear the howling of the CwnAnnwn...
 You die...
 Do you want your possessions identified? [ynq] (y) y
 Do you want to see your attributes? [ynq] (y) y
 Do you want an account of creatures vanquished? [ynaq] (y) q

Inventory:
 Coins    ('$')
  $ - 568 gold pieces
 Weapons  (')')
  t - a cursed corroded -1 crossbow bolt
  d - 38 +0 ya (in quiver)
  c - a +0 yumi
  a - a thoroughly corroded +0 katana (alternate weapon; not wielded)
  b - a +0 wakizashi (weapon in right hand)
 Armor    ('[')
  A - an uncursed corroded +0 dwarvish iron helm (being worn)
  u - an uncursed +0 pair of iron shoes (being worn)
  l - an uncursed +0 cloak of displacement (being worn)
  B - an uncursed +2 elven mithril-coat (being worn)
 Comestibles  ('%')
  K - an uncursed cram ration
 Scrolls  ('?')
  G - an uncursed scroll of blank paper
  q - a cursed scroll of create monster
  j - a cursed scroll of enchant weapon
  s - a blessed scroll of gold detection
  L - an uncursed scroll of gold detection
  o - an uncursed scroll of identify
  F - an uncursed scroll of light
  I - a cursed scroll of magic mapping
 Spellbooks  ('+')
  f - an uncursed spellbook of knock
  v - a blessed spellbook of wizard lock
 Potions  ('!')
  m - 2 uncursed potions of gain ability
  e - an uncursed potion of gain energy
  g - 2 uncursed potions of healing
  H - a cursed potion of levitation
  E - an uncursed potion of restore ability
 Rings    ('=')
  h - an uncursed ring of warning
  k - an uncursed ring of warning
  y - a cursed ring of warning
 Wands    ('/')
  i - a wand of digging (0:6)
  C - a wand of locking (0:3)
  w - a wand of magic missile (0:4)
  M - a wand of probing (0:7)
  J - a wand of undead turning (0:5)
 Tools    ('(')
  x - an uncursed bag of holding containing 1 item
  p - a horn of plenty (0:17)
  n - an uncursed credit card
  r - a cursed magic lamp (lit)
  z - a cursed oil lamp
  D - an uncursed tin whistle

Contents of the bag of holding:
  a blessed potion of hallucination

BaeHund the Samurai's attributes:

Background:
 You were a Kunoichi, a level 8 female human Samurai.
 You were lawful, on a mission for Amaterasu Omikami
 who was opposed by Raijin (neutral) and Susanowo (chaotic).
 You were right-handed.
 You were in the Gnomish Mines, on level 8.
 You entered the dungeon 3416 turns ago.
 It was nighttime.
 You had 2371 experience points, 189 more were needed to attain level 9.

Basics:
 You had 0 out of 83 hit points.
 You had all 33 energy points (spell power).
 Your armor class was -1.
 Your wallet contained 568 zorkmids.
 Autopickup was off.

Final Characteristics:
 Your strength was 17 (peak:18, limit:18/100).
 Your dexterity was 14 (limit:18).
 Your constitution was 18 (limit:18).
 Your intelligence was 12 (limit:18).
 Your wisdom was 8 (limit:18).
 Your charisma was 6 (limit:18).

Final Status:
 You weren't hungry.
 You were unencumbered.
 You were wielding a short sword.
 You had basic skill with short sword and could have enhanced that.

Final Attributes:
 You were piously aligned.
 You were telepathic.
 You were displaced.
 You were guarded.
 You were fast.
 You are dead.

Miscellaneous:
 You didn't encounter any bones levels.
 Total elapsed playing time was 2 hours, 12 minutes and 3 seconds.

Major events:
 Turn
    1: BaeHund the lawful female human Samurai entered the dungeon
  338: entered the Gnomish Mines
  403: attained the rank of Ronin (level 3)
 1096: reached Mine Town
 1444: attained the rank of Kunoichi (level 6)
 3416: killed by a soldier ant

You didn't know any spells.

Skills:
 Fighting Skills
   martial arts      [Basic]
   two weapon combat [Unskilled]
   riding            [Unskilled]
 Weapon Skills
   dagger            [Unskilled]
   knife             [Unskilled]
   short sword       [Basic]
   broadsword        [Unskilled]
   long sword        [Skilled]
   two-handed sword  [Unskilled]
   saber             [Unskilled]
   flail             [Unskilled]
   quarterstaff      [Unskilled]
   polearms          [Unskilled]
   spear             [Unskilled]
   lance             [Unskilled]
   bow               [Basic]
   shuriken          [Unskilled]
 Spellcasting Skills
   attack spells     [Unskilled]
   divination spells [Unskilled]
   clerical spells   [Unskilled]

Voluntary challenges:
 Character rerolling was not enabled.
 You never genocided any monsters.
 You never polymorphed an object.
 You never changed form.
 You used no wishes.
Achievements:
 You entered the Gnomish Mines.
 You attained the rank of Ronin.
 You entered Minetown.
 You attained the rank of Kunoichi.

 The Dungeons of Doom: levels 1 to 3
    Level 1:
    Level 2:
       A fountain.
    Level 3:
       Stairs down to The Gnomish Mines.
 The Gnomish Mines: levels 4 to 11
    Level 4:
    Level 5:
    Level 6:
       A fountain.
    Level 7:
    Level 8: <- You were here.
       Final resting place for
          you, killed by a soldier ant.
    Level 9:
    Level 10:
    Level 11:


Vanquished creatures:
  4 black puddings
  a warhorse
  a tengu
  a giant beetle
  a cockatrice
  3 winter wolf cubs
  a panther
  a gremlin
  2 giant spiders
  a scorpion
  a gnome ruler
 an orc mummy
  a blue jelly
  a Woodland-elf
  2 soldier ants
  a bugbear
  2 Mordor orcs
  3 Uruk-hai
  3 orc shamans
  a rock mole
 10 gnome leaders
  3 gnomish wizards
  a kobold mummy
  3 elf zombies
  3 giant ants
  a floating eye
  a kitten
  7 dwarves
  8 hill orcs
  a giant bat
  a monkey
 an iguana
 13 acid blobs
  a hobbit
  a yellow mold
 48 gnomes
  3 garter snakes
  3 geckos
  a jackal
  a kobold
  a goblin
  2 sewer rats
  3 grid bugs
  2 lichens
  5 newts
156 creatures vanquished.

No species were genocided or became extinct.

Game over:
                       ----------
                      /          \
                     /    REST    \
                    /      IN      \
                   /     PEACE      \
                  /                  \
                  |     BaeHund      |
                  |      568 Au      |
                  |   killed by a    |
                  |   soldier ant    |
                  |                  |
                  |                  |
                  |       2026       |
                 *|     *  *  *      | *
        _________)/\\_//(\/(/\)/\//\/|_)_______

Sayonara BaeHund the Samurai...

You died in The Gnomish Mines on dungeon level 8 with 10516 points,
and 568 pieces of gold, after 3416 moves.
You were level 8 with a maximum of 83 hit points when you died.

